 Dungeon Crawl Stone Soup version 0.30.0-5-g1a98f26d00 (webtiles) character file.

Game seed: 12897208543422045549

28868 SnakkuSnakku7 the Markstengu (level 13, -3/78 HPs)
             Began as a Tengu Enchanter on May 9, 2023.
             Was the Champion of Kikubaaqudgha.
             Slain by a skyshark (24 damage)
             ... on level 5 of the Lair of Beasts.
             The game lasted 00:32:09 (17170 turns).

SnakkuSnakku7 the Markstengu (Tengu Enchanter)     Turns: 17170, Time: 00:32:09

Health: -3/78      AC: 13    Str: 17    XL:     13   Next: 41%
Magic:  17/17      EV: 20    Int: 15    God:    Kikubaaqudgha [******]
Gold:   261        SH:  0    Dex: 18    Spells: 16/16 levels left

rFire   . . .        a - +1 arbalest
rCold   . . .        (shield currently unavailable)
rNeg    . . .        G - +2 ring mail {rPois}
rPois   +            E - +2 hat {Stlth+}
rElec   .            J - +0 cloak
rCorr   .            v - +0 pair of gloves
SInv    .            (boots unavailable)
Will    .....        l - amulet of faith
Stlth   +++          q - +6 ring of strength
HPRegen 0.33/turn    H - +4 ring of slaying
MPRegen 0.15/turn

%: faith
@: flying quickly and evasively, quick
A: beak, talons 3, nimble flight, wild magic 1, MP-powered wands
a: Renounce Religion, Unearth Wretches, Torment, Brand Weapon With Pain, Receive
Forbidden Knowledge


You were on level 5 of the Lair of Beasts.
You worshipped Kikubaaqudgha.
Kikubaaqudgha was exalted by your worship.
You visited 2 branches of the dungeon, and saw 15 of its levels.

You collected 1286 gold pieces.
You spent 1025 gold pieces at shops.

Inventory:

Hand Weapons
 a - a +1 arbalest (weapon)
 b - a +0 antimagic shortbow
Missiles
 f - 5 curare-tipped darts
 w - a throwing net
 y - 15 poisoned darts
Armour
 u - a +0 leather armour of fire resistance
 v - a +0 pair of gloves (worn)
 E - a +2 hat of stealth (worn)
 G - a +2 ring mail of poison resistance (worn)
 J - a +0 cloak (worn)
 W - -2 pearl dragon scales
Jewellery
 k - the ring of the Dozen Portals {rPois rF- Will+++ EV+5 Dex-4}
   (You found it on level 2 of the Dungeon)

   [ring of evasion]

   EV:        It affects your evasion (+5).
   Dex:       It affects your dexterity (-4).
   rF:        It makes you vulnerable to fire.
   rPois:     It protects you from poison.
   Will:      It greatly increases your willpower.
 l - an amulet of faith (around neck)
 q - a +6 ring of strength (left hand)
 H - a +4 ring of slaying (right hand)
 K - a ring of see invisible
 N - a ring of protection from cold
 T - a ring of fire
Wands
 A - a wand of mindburst (1)
 I - a wand of quicksilver (21)
 L - a wand of flame (66)
 O - a wand of iceblast (6)
 U - a wand of digging (3)
Scrolls
 c - a scroll of amnesia
 g - 3 scrolls of magic mapping
 h - a scroll of brand weapon {unknown}
 m - 2 scrolls of immolation
 s - 2 scrolls of fog
 x - 2 scrolls of silence
 z - a scroll of teleportation
 C - 2 scrolls of poison
 D - 2 scrolls of vulnerability {unknown}
 F - 3 scrolls of enchant weapon
 V - 2 scrolls of enchant armour {unknown}
Potions
 d - 7 potions of mutation
 e - a potion of invisibility
 j - 3 potions of brilliance
 n - 2 potions of lignification
 o - a potion of resistance
 p - 2 potions of might
 r - 2 potions of ambrosia
 B - a potion of magic
 P - a potion of cancellation
 Q - a potion of attraction
 R - 2 potions of curing
 S - 4 potions of haste


   Skills:
 - Level 8.0 Fighting
 - Level 1.1 Short Blades
 - Level 2.6 Maces & Flails
 - Level 18.0 Ranged Weapons
 - Level 8.0 Armour
 - Level 10.0 Dodging
 - Level 3.0 Stealth
 - Level 2.0 Spellcasting
 - Level 2.1 Hexes
 + Level 5.0 Necromancy


You had 16 spell levels left.
You didn't know any spells.
Your spell library contained the following spells:

 Spells                   Type           Power      Damage    Failure   Level
 Necrotise                Necr           84%        1d8       8%          1
 Sublimation of Blood     Necr           21%        N/A       11%         2
 Vampiric Draining        Necr           21%        2d7       21%         3
 Cigotuvi's Dreadful Rot  Necr/Pois/Air  16%        N/A       36%         2
 Ensorcelled Hibernation  Hex/Ice        12%        N/A       43%         2
 Confusing Touch          Hex            10%        N/A       50%         3
 Tukima's Dance           Hex            10%        N/A       50%         3
 Dispel Undead            Necr           21%        3d11      52%         4
 Blink                    Tloc           2%         N/A       58%         2
 Dazzling Flash           Conj/Hex       12%        N/A       65%         3
 Summon Guardian Golem    Hex/Summ       6%         N/A       65%         3
 Anguish                  Hex/Necr       8%         N/A       71%         4
 Vhi's Electric Charge    Tloc/Air       2%         N/A       80%         3
 Manifold Assault         Tloc           1%         N/A       99%         4
 Passage of Golubria      Tloc           1%         N/A       99%         4
 Petrify                  Tmut/Erth      1%         N/A       99%         4
 Borgnjor's Vile Clutch   Necr/Erth      5%         N/A       99%         5
 Arcjolt                  Conj/Air       0%         1d10      100%        5
 Metabolic Englaciation   Hex/Ice        3%         N/A       100%        5
 Silence                  Hex/Air        3%         N/A       100%        5
 Plasma Beam              Fire/Air       0%         2x1d11    100%        6
 Simulacrum               Ice/Necr       5%         N/A       100%        6
 Statue Form              Tmut/Erth      0%         N/A       100%        6
 Orb of Destruction       Conj           0%         9d5       100%        7
 Spellforged Servitor     Conj/Summ      0%         N/A       100%        7
 Storm Form               Tmut/Air       0%         N/A       100%        7
 Lehudib's Crystal Spear  Conj/Erth      0%         10d2      100%        8


Dungeon Overview and Level Annotations

Branches:
Dungeon (10/15)            Temple (0/1) D:6            Lair (5/5) D:10
 Shoals (0/4) Lair:2       Spider (0/4) Lair:2        Slime (0/5) Lair:5
    Orc (0/2) D:9

Altars:
Elyvilon
Kikubaaqudgha
Nemelex Xobeh
Okawaru
Uskayaw
Wu Jian
Zin
Jiyva

Shops:
D:1 *   D:5 =   D:6 *

Annotations:
Lair:2 2 transporters
Lair:3 Nergalle
Lair:4 1 runed translucent door, Vufrucs's ghost, journeyman DrTm


Innate Abilities, Weirdness & Mutations

You have a beak for a mouth.
You have claws for feet.
Your magical nature lets you fly swiftly and evasively.
Your spells are a little harder to cast, but a little more powerful.
You expend magic power (3 MP) to strengthen your wands.


Message History

The skyshark is heavily wounded.
The skyshark bites you!
The skyshark tastes blood and grows stronger!
The skyshark completely misses you. The skyshark closely misses you.
You shoot a bolt. The bolt hits the skyshark!
The skyshark is heavily wounded.
The skyshark misses you.
The skyshark tail-slaps you but does no damage.
The skyshark barely misses you.
You shoot a bolt. The bolt hits the skyshark!!
The skyshark is almost dead.
The skyshark bites you.
The skyshark enters a blood-rage!
The skyshark tail-slaps you but does no damage.
The skyshark completely misses you.
You shoot a bolt. The bolt hits the skyshark!
The skyshark is almost dead.
The skyshark bites you but does no damage.
The skyshark tail-slaps you but does no damage. x2
The skyshark bites you! The skyshark tail-slaps you!
The skyshark barely misses you.
Unknown command.
Fire: a) +1 arbalest
Press: ? - help, Q - select action, (/) - cycle Shift-Dir - straight line, f/p - skyshark
Aim: a skyshark (almost dead, berserk, 78% to hit)
You shoot a bolt. The bolt hits the skyshark!
The skyshark is almost dead.
The skyshark bites you!
The skyshark tail-slaps you but does no damage.
The skyshark tail-slaps you.
Fire: a) +1 arbalest
Press: ? - help, Q - select action, (/) - cycle Shift-Dir - straight line, f/p - skyshark
Aim: a skyshark (almost dead, berserk, 78% to hit)
You shoot a bolt. The bolt barely misses the skyshark.
The skyshark barely misses you.
The skyshark tail-slaps you but does no damage.
The skyshark tail-slaps you!
* * * LOW HITPOINT WARNING * * *
The skyshark bites you!!
You die...
Kikubaaqudgha rasps: "You have failed me!
Welcome... death!"

#P....## ..........
#...........#......P ..........#
....... .........P#
..........###...... .....P...##
..P...............# #.......P##
.P.#..............# ##.........
.................. #..........
.................### ##..........
...............l@#.###...........
...................##.#....##.#..
.....................#....####.#.
..........................## ###.
.........................#.###.#.
.............P..............#....
..............PP........P..#....#
................P......P.P....#.#
...............#.........#.......


You could see a skyshark (berserk).

Vanquished Creatures
  Gastronok (Lair:3)
  A hydra (D:8)
  Erica (D:10)
  A two-headed ogre (D:10)
  A skyshark (Lair:4)
  A deep elf pyromancer (D:8)
  A manticore (D:10)
  A cyclops (D:8)
  Joseph (D:9)
  2 black mambas
  4 elephants (Lair:3)
  6 cane toads
  An unseen horror (D:10)
  5 komodo dragons
  A komodo dragon (shapeshifter) (D:10)
  2 kobold demonologists (D:10)
  3 rime drakes
  A polar bear (Lair:3)
  2 trolls
  Grinder (D:5)
  A hornet (D:9)
  5 blink frogs
  11 dream sheep
  A slime creature (D:8)
  5 wyverns
  4 shadows (D:10)
  A basilisk (Lair:4)
  23 yaks
  4 steam dragons
  A vampire mosquito (D:8)
  2 acid dragons (D:10)
  9 water moccasins
  Duvessa (D:5)
  9 orc warriors
  6 ice beasts
  A sky beast (D:7)
  22 wolves
  4 ogres
  4 centaurs
  A phantom (D:5)
  3 kobold brigands
  13 bullfrogs
  4 scorpions
  2 wights
  Dowan (D:5)
  A killer bee (D:10)
  4 howler monkeys
  An electric eel (Lair:3)
  6 orc priests
  2 hounds
  3 jellies (D:5)
  Jessica (D:2)
  4 iguanas
  7 orc wizards
  Ijyb (D:4)
  7 adders
  3 shadow imps
  A white imp (D:9)
  An ufetubus (D:6)
  3 worms (D:2)
  2 dart slugs
  57 orcs
  4 ball pythons
  12 endoplasms
  7 giant cockroaches
  8 goblins
  6 hobgoblins
  7 jackals
  3 quokkas
  5 bats
  5 frilled lizards
  14 kobolds
  3 rats
353 creatures vanquished.

Notes
Turn   | Place    | Note
-------+----------+-------------------------------------------
     0 | D:1      | SnakkuSnakku7 the Tengu Enchanter began the quest for the
                  | Orb.
     0 | D:1      | Reached XP level 1. HP: 10/10 MP: 4/4
     7 | D:1      | Found Favvogyom's Assorted Antiques.
   196 | D:1      | Reached skill level 1 in Fighting
   314 | D:1      | Reached XP level 2. HP: 14/16 MP: 6/6
   387 | D:1      | Reached skill level 1 in Maces & Flails
   796 | D:2      | Found a faded altar of an unknown god.
   799 | D:2      | Noticed Jessica
   812 | D:2      | Reached XP level 3. HP: 21/21 MP: 7/7
   827 | D:2      | Killed Jessica
   828 | D:2      | Reached XP level 4. HP: 13/27 MP: 8/8
   905 | D:2      | Identified the ring of the Dozen Portals {rPois rF- Will+++
                  | EV+5 Dex-4}
   966 | D:2      | Prayed at the altar of an unknown god.
   966 | D:2      | Became a worshipper of Kikubaaqudgha
   966 | D:2      | Reached * piety under Kikubaaqudgha
   966 | D:2      | Received a gift from Kikubaaqudgha
  1447 | D:3      | Found a glowing silver altar of Zin.
  1487 | D:3      | Identified the +0 robe of Dawn {Str+4}
  1755 | D:3      | Reached ** piety under Kikubaaqudgha
  1839 | D:3      | Reached skill level 1 in Ranged Weapons
  2030 | D:3      | Gained mutation: Your magical nature lets you fly swiftly
                  | and evasively. [Tengu growth]
  2030 | D:3      | Reached XP level 5. HP: 30/32 MP: 9/9
  2452 | D:1      | Bought a scroll labelled PERATY VILU for 25 gold pieces
  2452 | D:1      | Bought a scroll labelled ABLYSCH AZIOKH for 25 gold pieces
  2452 | D:1      | Bought a scroll labelled CYPTENK AKLIN for 25 gold pieces
  2452 | D:1      | Bought a scroll labelled FEIFIX IJERGH for 25 gold pieces
  2452 | D:1      | Bought a scroll labelled DYQIFO VY YDGH for 25 gold pieces
  2565 | D:4      | Found a white marble altar of Elyvilon.
  2576 | D:4      | Reached skill level 3 in Ranged Weapons
  2703 | D:4      | Reached XP level 6. HP: 36/37 MP: 10/10
  2811 | D:4      | Reached skill level 4 in Ranged Weapons
  3121 | D:4      | Noticed Ijyb
  3146 | D:4      | Reached skill level 5 in Ranged Weapons
  3168 | D:4      | Killed Ijyb
  3384 | D:4      | Reached *** piety under Kikubaaqudgha
  3384 | D:4      | Received a gift from Kikubaaqudgha
  3719 | D:5      | Entered Level 5 of the Dungeon
  3754 | D:5      | Reached XP level 7. HP: 36/41 MP: 11/11
  3827 | D:5      | Noticed Grinder
  3876 | D:5      | Reached skill level 6 in Ranged Weapons
  3904 | D:5      | Killed Grinder
  3905 | D:5      | Reached skill level 7 in Ranged Weapons
  4131 | D:5      | Reached skill level 8 in Ranged Weapons
  4278 | D:5      | Reached XP level 8. HP: 46/46 MP: 12/12
  4311 | D:5      | Identified a scroll of acquirement
  4312 | D:5      | Acquired a +2 hat of stealth
  4393 | D:5      | Noticed Duvessa
  4393 | D:5      | Noticed Dowan
  4433 | D:5      | Killed Duvessa
  4448 | D:5      | Killed Dowan
  4449 | D:5      | Reached skill level 9 in Ranged Weapons
  4612 | D:5      | Found Ruziec's Jewellery Emporium.
  5138 | D:6      | Found a staircase to the Ecumenical Temple.
  5156 | D:6      | Reached skill level 10 in Ranged Weapons
  5250 | D:6      | Found Nenirphi's Lightly-Used Armoury.
  5288 | D:6      | Found a sparkling altar of Nemelex Xobeh.
  5628 | D:6      | Reached skill level 11 in Ranged Weapons
  5628 | D:6      | Reached XP level 9. HP: 29/51 MP: 13/13
  6010 | D:7      | Reached **** piety under Kikubaaqudgha
  6917 | D:7      | Reached skill level 12 in Ranged Weapons
  7072 | D:7      | Found an iron altar of Okawaru.
  7122 | D:7      | Found a hide-covered altar of Uskayaw.
  7138 | D:7      | Found an ornate altar of the Wu Jian Council.
  7367 | D:8      | Reached skill level 13 in Ranged Weapons
  7500 | D:8      | Noticed a troll
  7588 | D:8      | Noticed a deep elf pyromancer
  7676 | D:8      | Reached skill level 14 in Ranged Weapons
  7676 | D:8      | Reached XP level 10. HP: 56/56 MP: 14/14
  7813 | D:8      | Noticed a cyclops
  7822 | D:8      | Killed a cyclops
  8277 | D:8      | Reached skill level 15 in Ranged Weapons
  8278 | D:8      | Reached ***** piety under Kikubaaqudgha
  8904 | D:8      | Killed a deep elf pyromancer
  8932 | D:8      | Noticed a seven-headed hydra
  9097 | D:8      | Killed a seven-headed hydra
  9098 | D:8      | Reached skill level 16 in Ranged Weapons
  9679 | D:9      | Reached XP level 11. HP: 60/60 MP: 15/15
  9766 | D:9      | Noticed Joseph
  9781 | D:9      | Killed Joseph
  9782 | D:9      | Reached skill level 17 in Ranged Weapons
  9930 | D:9      | Found a staircase to the Orcish Mines.
 10257 | D:10     | Entered Level 10 of the Dungeon
 10712 | D:10     | Reached skill level 18 in Ranged Weapons
 10724 | D:10     | Noticed Erica
 10792 | D:10     | Noticed a soul eater
 10800 | D:10     | Found a staircase to the Lair.
 10805 | D:10     | Noticed a two-headed ogre
 10811 | D:10     | Gained mutation: You have hidden genetic potential. [potion
                  | of mutation]
 11070 | D:10     | a troll changed into an entropy weaver
 11070 | D:10     | Noticed an entropy weaver (shapeshifter)
 11078 | D:10     | an entropy weaver changed into a shapeshifter
 11078 | D:10     | a shapeshifter changed into an entropy weaver
 11078 | D:10     | Noticed an entropy weaver (shapeshifter)
 11080 | D:10     | an entropy weaver changed into a shapeshifter
 11203 | D:10     | Reached ****** piety under Kikubaaqudgha
 11244 | D:10     | Reached skill level 5 in Fighting
 11336 | D:10     | Killed a two-headed ogre
 11383 | D:10     | Killed Erica
 11383 | D:10     | Noticed a manticore
 11395 | D:10     | Noticed a boulder beetle
 11398 | D:10     | Killed a manticore
 11439 | D:10     | Reached XP level 12. HP: 44/73 MP: 16/16
 11755 | Lair:1   | Entered Level 1 of the Lair of Beasts
 12025 | Lair:1   | Reached skill level 5 in Dodging
 12865 | Lair:2   | Found a transporter.
 12948 | Lair:2   | Found a hole to the Spider Nest.
 13076 | Lair:2   | Found a transporter.
 13163 | Lair:2   | Found a staircase to the Shoals.
 13226 | Lair:2   | Gained mutation: You expend magic power (3 MP) to
                  | strengthen your wands. [hidden potential]
 13665 | D:6      | Bought -2 pearl dragon scales for 900 gold pieces
 14055 | Lair:3   | Noticed Nergalle
 14092 | Lair:3   | Noticed Gastronok
 15133 | Lair:2   | Reached skill level 10 in Dodging
 15198 | Lair:3   | Reached skill level 1 in Armour
 15324 | Lair:3   | Killed Gastronok
 15532 | Lair:4   | Reached skill level 5 in Armour
 15532 | Lair:4   | Reached XP level 13. HP: 66/68 MP: 17/17
 15781 | Lair:4   | Found a runed translucent door.
 15785 | Lair:4   | Identified the +9 spear "Jellybane" {spect, *Noise rPois
                  | Dex-5 SInv}
 15787 | Lair:4   | Noticed Vufrucs's ghost (journeyman DrTm)
 16025 | Lair:4   | Gained mutation: Your spells are a little harder to cast,
                  | but a little more powerful. [hidden potential]
 16025 | Lair:4   | Lost mutation: You have hidden genetic potential. [hidden
                  | potential expressed]
 16094 | Lair:4   | Found an ornate altar of the Wu Jian Council.
 16114 | Lair:4   | Reached skill level 1 in Necromancy
 16847 | Lair:5   | Entered Level 5 of the Lair of Beasts
 16893 | Lair:5   | Found a viscous altar of Jiyva.
 16893 | Lair:5   | Found a staircase to the Slime Pits.
 17071 | Lair:5   | Reached skill level 5 in Necromancy
 17170 | Lair:5   | Slain by a skyshark

Illustrated notes

Levels and vault maps discovered:
D:1:      dpeg_arrival_simpleton_a, layout_basic, serial_shops, shop,
          chequers_serial_rivers_micro_b
D:2:      layout_rooms, ebering_ecumenical_altar_abandoned, uniq_jessica
D:3:      layout_basic, mainiacjoe_overflow_tiny_flanked, minmay_pentangle
D:4:      layout_loops_corners, mainiacjoe_overflow_alcove_1,
          grunt_ministairs_11, uniq_ijyb
D:5:      layout_basic, serial_shops, nicolae_diamond_shop, uniq_duvessa,
          uniq_grinder
D:6:      layout_cave_pools, mainiacjoe_overflow_surrounded_room, temple_pool_b,
          minmay_shop_damaged
D:7:      layout_basic, mainiacjoe_overflow_swirl,
          mainiacjoe_overflow_six_doors_small, hangedman_decor_peaks_small,
          roderic_lattice_a, serial_bayou_pond_d, st_stairs_6
D:8:      layout_rooms, special_room [special_room_orc], minmay_shattered_shrine
D:9:      layout_roguey, erik_orc_3, serial_ice, serial_ice_e, serial_ice_m,
          serial_ice_a, serial_ice_f, hangedman_abyss_or_decor_stabs,
          uniq_joseph
D:10:     layout_basic, hellmonk_lair_entry_icy, minmay_pinched_square,
          uniq_erica
Lair:1:   layout_cave_pods, infiniplex_staircase_pool_2
Lair:2:   gammafunk_cloud_chamber, layout_loops_ring, elwin_shoals_entry_rocks,
          dummy_spider_entry, serial_bayou_pond_a
Lair:3:   layout_regular_city, serial_bayou_shore_b, serial_bayou_shore_a,
          grunt_megastairs_1, uniq_nergalle, uniq_gastronok
Lair:4:   layout_gridlike, ebering_ghost_funeral_grove, basic_altar,
          lemuel_fruit_tree, infiniplex_staircase_pool, grunt_megastairs_3
Lair:5:   grunt_lair_end_beastmaster, layout_layer_cave, slime_entry_1

Skill      XL: |  1  2  3  4  5  6  7  8  9 10 11 12 13 |
---------------+----------------------------------------+-----
Fighting       | 1 2 3 7 8 |  8.0
Maces & Flails | 1 2 |  2.6
Ranged Weapons | 1 3 5 8 11 14 16 18 | 18.0
Dodging        | 10 | 10.0
Armour         | 5 8 |  8.0
Necromancy     | 5 |  5.0
Short Blades   | |  1.1
Stealth        | |  3.0
Spellcasting   | |  2.0
Hexes          | |  2.1

Action                     |  1- 3 |  4- 6 |  7- 9 | 10-12 | 13-15 || total
---------------------------+-------+-------+-------+-------+-------++-------
  Melee: Mace              |    39 |    65 |       |       |       ||   104
         Kick              |     8 |    23 |       |       |       ||    31
         Peck              |     6 |     9 |       |       |       ||    15
         Punch             |       |     1 |       |       |       ||     1
   Fire: Sling             |       |   216 |   209 |       |       ||   425
         Shortbow          |       |       |    76 |    10 |       ||    86
         Arbalest          |       |       |    81 |   607 |   178 ||   866
  Throw: Dart              |     2 |     6 |       |       |       ||     8
  Evoke: Wand              |       |       |    18 |     7 |     3 ||    28
    Use: Scroll            |       |     7 |     7 |    16 |     1 ||    31
         Potion            |       |       |     3 |     6 |       ||     9
   Stab: Sleeping          |     5 |       |       |       |       ||     5
 Armour: Robe              |     3 |     8 |       |       |       ||    11
         Ring mail         |       |    43 |    55 |    91 |    44 ||   233
  Dodge: Dodged            |    27 |   210 |   166 |   316 |   112 ||   831
